 Dungeon Crawl Stone Soup version 0.15.2 (webtiles) character file.

921 magipi the Cleaver (level 8, -2/68 HPs)
             Began as a Hill Orc Skald on Sept 2, 2015.
             Was a Believer of Makhleb.
             Slain by an ice beast (5 damage)
             ... on Level 6 of the Dungeon.
             The game lasted 00:30:12 (4154 turns).

magipi the Cleaver (Hill Orc Skald)                 Turns: 4154, Time: 00:30:12

HP  -2/68        AC  8     Str 15      XL: 8   Next: 10%
MP   6/11        EV  9     Int 12      God: Makhleb [**....]
Gold 82          SH  0     Dex 12      Spells:  2 memorised,  6 levels left

rFire  . . .     SeeInvis +     a - +0 hand axe
rCold  . . .     Clarity  +     r - +0 ring mail
rNeg   . . .     rCorr    .     (no shield)
rPois  .         rRot     .     v - +1 helmet {SInv}
rElec  .         Spirit   .     (no cloak)
SustAb .         Warding  .     t - +0 pair of gloves
rMut   .         Stasis   .     (no boots)
Gourm  .                        x - amulet of clarity
MR     .....                    (no ring)
                                (no ring)

@: not resistant to hostile enchantments, very unstealthy
A: no striking features
a: Minor Destruction, Renounce Religion


You were on level 6 of the Dungeon.
You worshipped Makhleb.
Makhleb was pleased with you.
You were not hungry.

You visited 2 branches of the dungeon, and saw 7 of its levels.

You collected 363 gold pieces.
You spent 281 gold pieces at shops.

Inventory:

Hand weapons
 a - a +0 hand axe (weapon)
 b - a +0 blowgun
Missiles
 f - 34 poisoned needles
Armour
 o - a +0 scale mail
 r - a +0 ring mail (worn)
 s - a +0 leather armour
 t - a +0 pair of gloves (worn)
 v - a +1 helmet of see invisible (worn)
Magical devices
 m - a wand of frost (7)
Comestibles
 d - 4 meat rations
 k - 4 rotting chunks of centaur flesh
 p - 3 bread rations
Scrolls
 i - 2 scrolls of teleportation
 j - a scroll of random uselessness {unknown}
 l - a scroll of fear {unknown}
 n - 3 scrolls of remove curse
 u - a scroll of enchant armour {unknown}
 w - a scroll of blinking {unknown}
 z - a scroll of amnesia {unknown}
Jewellery
 x - an amulet of clarity (around neck)
 C - an uncursed amulet of resist corrosion
Potions
 e - a potion of flight
 g - 2 potions of brilliance
 h - a potion of beneficial mutation
 q - a potion of haste {unknown}
 A - a potion of might {unknown}
 B - 3 potions of berserk rage
Books
 c - a book of Battle

   Spells                             Type                      Level
   *Infusion                          Charms                       1
   Shroud of Golubria                 Charms/Translocation         2
   Song of Slaying                    Charms                       2
   Spectral Weapon                    Hexes/Charms                 3
   *Regeneration                      Charms/Necromancy            3
 y - a book of Flames

   Spells                             Type                      Level
   Flame Tongue                       Conjuration/Fire             1
   Throw Flame                        Conjuration/Fire             2
   Conjure Flame                      Conjuration/Fire             3
   Inner Flame                        Hexes/Fire                   3
   Sticky Flame                       Conjuration/Fire             4
   Fireball                           Conjuration/Fire             5


   Skills:
 - Level 5.3 Fighting
 - Level 10.0 Axes
 - Level 1.1 Armour
 - Level 0.7 Dodging
 - Level 1.5 Spellcasting
 + Level 3.3 Charms
 + Level 1.8 Necromancy


You had 6 spell levels left.
You knew the following spells:

 Your Spells              Type           Power        Failure   Level  Hunger
a - Infusion              Chrm           #.....       12%         1    ##.....
r - Regeneration          Chrm/Necr      #.........   43%         3    ####...


Dungeon Overview and Level Annotations

Branches:
Dungeon (6/15)             Temple (1/1) D:4

Altars:
Ashenzari
Cheibriados
Elyvilon
Fedhas
Kikubaaqudgha
Makhleb
Nemelex Xobeh
Qazlal
Vehumet
Xom
Yredelemnul
Zin
The Shining One

Shops:
D:4 (   D:5 [*

Annotations:
D:3 disint, Grinder
D:5 Dowan; Duvessa
D:6 comborobin's ghost, experienced DEBe

Vault maps used:
D:1:      minmay_arrival_three_doors
D:2:      vehumet_altar_wand_db, lemuel_crystal_altar, bloody_makhleb,
          nicolae_qazlal_style_of_elements, first_bread, lemuel_old_faithful
D:3:      zin_scriptorium, gammafunk_temple_overflow_pools, uniq_grinder,
          uniq_crazy_yiuf_cottage, uniq_natasha
D:4:      minmay_temple_entry_glassed_door, serial_shops, shop,
          grunt_ministairs_14
D:5:      old_forge, okawaru_altar_gauntlet_db, serial_shops, shop, shop,
          hangedman_decor_peaks_small, uniq_eustachio, uniq_duvessa
Temple:   jpeg_temple_alley_garden_8


Message History

You swing at nothing.
You swing at nothing.
You swing at nothing.
You swing at nothing.
You swing at nothing.
You swing at nothing.
You swing at nothing.
You swing at nothing.
You swing at nothing.
You swing at nothing.
You swing at nothing.
Adjust (i)tems, (s)pells, or (a)bilities?
Huh?
Read which item? (? for menu, Esc to quit)
Okay, then.
Unknown command.
Unknown command.
Adjust (i)tems, (s)pells, or (a)bilities?
Adjust which item? (? for menu, Esc to quit)
b - a +0 blowgun Adjust to which letter? (? for menu, Esc to quit)
r - a +0 blowgun;
b - a +0 ring mail (worn)
Adjust (i)tems, (s)pells, or (a)bilities?
Adjust which item? (? for menu, Esc to quit)
b - a +0 ring mail (worn)
Adjust to which letter? (? for menu, Esc to quit)
r - a +0 ring mail (worn);
b - a +0 blowgun Adjust (i)tems, (s)pells, or (a)bilities?
Adjust which spell? b - Regeneration Adjust to which letter? r - Regeneration
a - a +0 hand axe (weapon)
Things that are here:
a runed dagger; a leather armour An ice beast comes into view.
Evoke which item? (* to show all) (? for menu, Esc to quit)
Okay, then.
Unknown command.
Drink which item? (? for menu, Esc to quit)
Okay, then.
Unknown command.
Unknown command.
Casting: Infusion
Confirm with . or Enter, or press ? or * to list all spells.
You begin infusing your attacks with magical energy.
You hit the ice beast.
The ice beast is lightly wounded.
The ice beast hits you. The ice beast freezes you.
You hit the ice beast.
The ice beast is lightly wounded.
The ice beast hits you. The ice beast freezes you!
You hit the ice beast.
The ice beast is moderately wounded.
You hit the ice beast.
The ice beast is moderately wounded.
The ice beast hits you. The ice beast freezes you!
* * * LOW HITPOINT WARNING * * *
You hit the ice beast.
The ice beast is heavily wounded.
The ice beast completely misses you.
You hit the ice beast.
The ice beast is severely wounded.
The ice beast hits you but does no damage.
You closely miss the ice beast.
The ice beast is severely wounded.
Your magical infusion is running out.
The ice beast barely misses you.
You closely miss the ice beast.
The ice beast is severely wounded.
You hit the ice beast.
The ice beast is severely wounded.
The ice beast hits you but does no damage.
You barely miss the ice beast.
The ice beast is severely wounded.
The ice beast closely misses you.
You hit the ice beast.
The ice beast is severely wounded.
The ice beast hits you.
* * * LOW HITPOINT WARNING * * *
The ice beast freezes you.
* * * LOW HITPOINT WARNING * * *
You hit the ice beast.
The ice beast is almost dead.
The ice beast completely misses you.
You hit the ice beast but do no damage.
The ice beast is almost dead.
You hit the ice beast.
The ice beast is almost dead.
You are no longer magically infusing your attacks.
The ice beast hits you.
* * * LOW HITPOINT WARNING * * *
The ice beast freezes you!
* * * LOW HITPOINT WARNING * * *
You hit the ice beast but do no damage.
The ice beast is almost dead.
The ice beast hits you.
* * * LOW HITPOINT WARNING * * *
The ice beast freezes you.
You die...

.## ... ...
#.# #.# #.#
#.# #Y# #@#
#.# #.# .
###.# ....
#...# #....
##..##.....
#...........
##..#..####
##.#..#


You could see an ice beast.

Table legend:
 A = Kills in this place as a percentage of kills in entire the game.
 B = Kills by you in this place as a percentage of kills by you in the entire game.
 C = Kills by friends in this place as a percentage of kills by friends in the entire game.
 D = Other kills in this place as a percentage of other kills in the entire game.
 E = Experience gained in this place as a percentage of experience gained in the entire game.
 F = Experience gained in this place divided by the number of levels of this place that you have seen.
                   A       B       C       D       E      F
               +-------+-------+-------+-------+-------+----------------------
         Total | 100.0 | 100.0 |  -nan |  -nan | 100.0 | 188.1
       Dungeon | 100.0 | 100.0 |  -nan |  -nan | 100.0 | 219.5
               +-------+-------+-------+-------+-------+----------------------

Vanquished Creatures
  Eustachio (D:5)
  2 ogres
  2 centaurs
  3 orc priests
  A giant frog skeleton (D:4)
  An iguana (D:4)
  A jelly (D:5)
  2 orc wizards (D:4)
  A worker ant (D:4)
  Natasha (D:4)
  4 adders
  A shadow imp (D:6)
  4 worms
  7 giant geckos
  An ooze (D:2)
  8 orcs
  16 bats
  A bat skeleton (D:4)
  3 giant cockroaches
  8 goblins
  10 hobgoblins
  4 jackals (D:1)
  9 kobolds
  4 quokkas
  6 giant newts
  A goblin zombie (D:5)
  A hobgoblin skeleton (D:6)
  10 rats
113 creatures vanquished.

Notes
Turn   | Place    | Note
--------------------------------------------------------------
     0 | D:1      | magipi, the Hill Orc Skald, began the quest for the Orb.
     0 | D:1      | Reached XP level 1. HP: 18/18 MP: 2/2
    87 | D:1      | Reached skill level 3 in Axes
   225 | D:1      | Reached XP level 2. HP: 23/25 MP: 3/3
   346 | D:1      | Reached skill level 4 in Axes
   562 | D:2      | Reached XP level 3. HP: 27/30 MP: 5/5
   576 | D:2      | Found a stormy altar of Qazlal.
   580 | D:2      | Noticed a fire elemental
   580 | D:2      | Noticed a water elemental
   581 | D:2      | Noticed an air elemental
   581 | D:2      | Noticed an earth elemental
   804 | D:2      | Found a radiant altar of Vehumet.
   842 | D:2      | Reached skill level 5 in Axes
   912 | D:2      | Found a snail-covered altar of Cheibriados.
   926 | D:2      | Found a burning altar of Makhleb.
   933 | D:2      | Became a worshipper of Makhleb the Destroyer
  1123 | D:3      | Reached XP level 4. HP: 37/37 MP: 6/6
  1332 | D:3      | Found a glowing silver altar of Zin.
  1383 | D:3      | Noticed Grinder
  1622 | D:4      | Noticed an ogre
  1639 | D:4      | HP: 1/37 [ogre/giant club (22)]
  1651 | D:4      | Killed an ogre
  1651 | D:4      | Acquired Makhleb's first power
  1651 | D:4      | Reached skill level 7 in Axes
  1651 | D:4      | Reached XP level 5. HP: 2/42 MP: 7/7
  1830 | D:4      | Found a staircase to the Ecumenical Temple.
  1838 | Temple   | Entered the Ecumenical Temple
  1996 | D:5      | Entered Level 5 of the Dungeon
  2015 | D:5      | Noticed a centaur
  2033 | D:5      | Killed a centaur
  2033 | D:5      | Reached skill level 8 in Axes
  2033 | D:5      | Reached XP level 6. HP: 39/50 MP: 9/9
  2250 | D:5      | Noticed an ogre
  2272 | D:5      | Killed an ogre
  2272 | D:5      | Reached skill level 9 in Axes
  2368 | D:5      | Noticed Eustachio
  2390 | D:5      | Killed Eustachio
  2390 | D:5      | Reached XP level 7. HP: 38/56 MP: 10/10
  2415 | D:5      | Reached skill level 10 in Axes
  2475 | D:5      | Found Miadin's Armour Shop.
  2483 | D:5      | Bought a +1 helmet of see invisible for 231 gold pieces
  2511 | D:5      | Found Phaq's General Store.
  2522 | D:5      | Bought a scroll of identify for 20 gold pieces
  2522 | D:5      | Bought a scroll of remove curse for 30 gold pieces
  2584 | D:5      | Noticed Duvessa
  2584 | D:5      | Noticed Dowan
  2702 | D:4      | Found Amea's Weapon Emporium.
  2797 | D:4      | Acquired Makhleb's second power
  3121 | D:3      | Noticed Natasha
  3168 | D:4      | Killed Natasha
  3168 | D:4      | Reached skill level 5 in Fighting
  3701 | D:6      | Noticed comborobin's ghost (experienced DEBe)
  3777 | D:6      | Learned a level 3 spell: Regeneration
  3868 | D:6      | Reached skill level 1 in Necromancy
  3868 | D:6      | Reached XP level 8. HP: 46/68 MP: 8/11
  4154 | D:6      | HP: 3/68 [ice beast (4)]
  4154 | D:6      | Slain by an ice beast

Action                   |  1- 3 |  4- 6 |  7- 9 || total
-------------------------+-------+-------+-------++-------
Melee: Hand axe          |   141 |   123 |   242 ||   506
 Fire: Blowgun           |       |    21 |       ||    21
 Cast: Infusion          |       |       |     8 ||     8
Evoke: Wand              |       |     5 |       ||     5
  Use: Scroll            |       |       |     6 ||     6
       Potion            |       |       |     1 ||     1
  Eat: Chunk             |     1 |     2 |     5 ||     8
       Beef jerky        |       |     1 |     2 ||     3

Action                   |  1- 3 |  4- 6 |  7- 9 || total
-------------------------+-------+-------+-------++-------
Melee: Hand axe          |   141 |   123 |   242 ||   506
 Fire: Blowgun           |       |    21 |       ||    21
 Cast: Infusion          |       |       |     8 ||     8
Evoke: Wand              |       |     5 |       ||     5
  Use: Scroll            |       |       |     6 ||     6
       Potion            |       |       |     1 ||     1
  Eat: Chunk             |     1 |     2 |     5 ||     8
       Beef jerky        |       |     1 |     2 ||     3

Action                   |  1- 3 |  4- 6 |  7- 9 || total
-------------------------+-------+-------+-------++-------
Melee: Hand axe          |   141 |   123 |   242 ||   506
 Fire: Blowgun           |       |    21 |       ||    21
 Cast: Infusion          |       |       |     8 ||     8
Evoke: Wand              |       |     5 |       ||     5
  Use: Scroll            |       |       |     6 ||     6
       Potion            |       |       |     1 ||     1
  Eat: Chunk             |     1 |     2 |     5 ||     8
       Beef jerky        |       |     1 |     2 ||     3
